 Dungeon Crawl Stone Soup version 0.24-a0-462-ge24419a (webtiles) character file.

Game seed: 15742538593937506400

5546 CanOfBees the Summoner (level 10, -8/63 HPs)
             Began as a Tengu Summoner on July 1, 2019.
             Was an Elder of Okawaru.
             Blown up by an orc wizard (20 damage)
             ... with a disintegration bolt
             ... on level 10 of the Dungeon.
             The game lasted 00:33:41 (16953 turns).

CanOfBees the Summoner (Tengu Summoner)            Turns: 16953, Time: 00:33:42

Health: -8/63      AC:  6    Str:  8    XL:     10   Next: 71%
Magic:  17/20      EV: 16    Int: 20    God:    Okawaru [****..]
Gold:   519        SH:  5    Dex: 14    Spells: 7/21 levels left

rFire    + + .     SeeInvis +   a - +3 spear
rCold    + . .     Gourm    .   L - +0 buckler
rNeg     . . .     Faith    .   h - +0 leather armour {rPois}
rPois    +         Spirit   .   (helmet restricted)
rElec    .         Reflect  .   s - scarf {rC+ rF+}
rCorr    .         Harm     .   v - +0 pair of gloves
MR       .....                  (boots unavailable)
Stlth    ++........             (no amulet)
HPRegen  0.20/turn              I - ring of see invisible
MPRegen  0.17/turn              n - ring of protection from fire

@: flying quickly and evasively, quick
A: beak, talons 3, thin metallic scales 1, evolution 1, able to fly
a: Stop Flying, Heroism, Renounce Religion


You were on level 10 of the Dungeon.
You worshipped Okawaru.
Okawaru was greatly pleased with you.
You were not hungry.

You visited 2 branches of the dungeon, and saw 11 of its levels.

You collected 519 gold pieces.

Inventory:

Hand Weapons
 a - a +3 spear (weapon)
 b - a +2 whip of flaming
 y - the +1 morningstar "Tengu's Curse" {crush, rC++}
   (You found it on level 9 of the Dungeon)

   It inflicts extra damage upon your enemies.
   It greatly protects you from cold.
 B - a +5 hand axe of freezing
 G - a +4 scimitar of freezing
 J - a +4 triple crossbow of flaming
 M - a +4 flail
 P - a +2 scimitar of flaming
Missiles
 j - 23 sling bullets
 l - 68 poisoned darts (quivered)
 m - 64 bolts
 t - 4 boomerangs
 u - 261 stones
 z - 143 arrows
Armour
 h - a +0 leather armour of poison resistance (worn)
 i - a +0 cloak
 s - a scarf of resistance (worn)
 v - a +0 pair of gloves (worn)
 x - a scarf of cloud immunity
 E - a +0 ring mail of fire resistance
 H - a +1 scale mail of fire resistance
 L - a +0 buckler (worn)
Magical Staves
 O - an uncursed staff of wizardry
Jewellery
 n - a ring of protection from fire (right hand)
 C - an uncursed ring of poison resistance
 I - a ring of see invisible (left hand)
Wands
 k - a wand of iceblast (7)
 N - a wand of flame (10)
Scrolls
 d - a scroll of fog {unknown}
 e - 2 scrolls of remove curse
 f - a scroll of enchant armour {unknown}
 g - 2 scrolls of teleportation
 o - a scroll of amnesia
 p - a scroll of noise {unknown}
 q - a scroll of magic mapping
 w - 2 scrolls of enchant weapon {unknown}
 F - 5 scrolls of blinking
 R - a scroll of identify
Potions
 r - a potion of brilliance {unknown}
 A - a potion of lignification
 D - a potion of cancellation
 K - a potion of ambrosia
Comestibles
 c - 22 rations


   Skills:
 + Level 7.1 Fighting
 + Level 5.7 Polearms
 - Level 3.0 Armour
 - Level 4.0 Dodging
 - Level 2.0 Stealth
 - Level 4.5 Shields
 + Level 6.1 Spellcasting
 - Level 8.0 Summonings
 - Level 3.0 Ice Magic
 - Level 3.0 Air Magic
 + Level 5.1 Invocations


You had 7 spell levels left.
You knew the following spells:

 Your Spells              Type           Power        Failure   Level  Hunger
a - Summon Small Mammal   Summ           ####         1%          1    None
b - Call Imp              Summ           #####...     1%          2    None
c - Call Canine Familiar  Summ           #####...     1%          3    ##.....
d - Summon Lightning Spi  Summ/Air       ####....     16%         4    ####...
e - Summon Ice Beast      Ice/Summ       ####....     16%         4    ####...

Your spell library contained the following spells:

 Spells                   Type           Power        Failure   Level  Hunger
 Summon Guardian Golem    Hex/Summ       ###.....     9%          3    ##.....
 Ozocubu's Armour         Chrm/Ice       ##......     24%         3    ##.....
 Yara's Violent Unravell  Hex/Tmut       #.........   99%         5    #####..
 Bolt of Cold             Conj/Ice       ##........   100%        6    #######
 Statue Form              Tmut/Erth      #........    100%        6    #######


Dungeon Overview and Level Annotations

Branches:
Dungeon (10/15)            Temple (1/1) D:6            Lair (0/6) D:10
    Orc: D:9-12

Altars:
Ashenzari
Cheibriados
Dithmenos
Elyvilon
Fedhas
Gozag
Hepliaklqana
Kikubaaqudgha
Makhleb
Nemelex Xobeh
Okawaru
Qazlal
Ru
Sif Muna
Trog
Uskayaw
Vehumet
Wu Jian
Xom
Yredelemnul
Zin
The Shining One

Annotations:
D:7 2 transporters, zbzbzb's ghost, novice OpCj


Innate Abilities, Weirdness & Mutations

You have a beak for a mouth.
You have claws for feet.
You can fly continuously.
You are partially covered in thin metallic scales. (AC +2)
You evolve.


Message History

The orc wizard gestures at you while chanting.
The magic dart hits you!
You swap places.
The orc wizard casts a spell.
The orc wizard blinks!
You closely miss the orc priest.
Your hound bites the orc priest but does no damage.
The orc priest hits you but does no damage.
You hit the orc priest.
You claw the orc priest, but do no damage.
The orc priest is moderately wounded.
Your hound barely misses the orc priest.
The orc wizard zaps a wand.
You are blasted!
Your hound bites the orc priest.
You hit the orc priest. Your peck misses the orc priest.
The orc priest is severely wounded.
The orc priest mumbles some strange prayers to Beogh against you.
Pain shoots through your body!
* * * LOW HITPOINT WARNING * * *
The orc wizard zaps a wand.
You are blasted!
You die...

...........
#..........
#..........
#...).....#
#.........##
#..........#
#..o.......
#.h@.....#
#........###
##..<........
#..).o......#
#..........##
#..##..###.#
#[####.# #
#.# #.# #(#
#.#


You could see an orc priest, an orc wizard and a friendly hound.

Vanquished Creatures
  A troll (D:9)
  2 vampire mosquitoes (D:8)
  3 wargs
  A sky beast (D:7)
  3 ice beasts
  2 phantoms
  An orc warrior (D:10)
  A hornet zombie (D:9)
  An ogre (D:8)
  3 centaurs
  Blork the orc (D:6)
  A big kobold (D:8)
  2 bullfrogs (D:6)
  A water moccasin zombie (D:6)
  A wyvern skeleton (D:6)
  A scorpion (D:8)
  4 wights
  2 howler monkeys
  2 crimson imps
  A bullfrog zombie (D:10)
  A centaur zombie (D:9)
  A hound (D:10)
  An orc priest (D:5)
  5 orc wizards
  A bullfrog skeleton (D:6)
  2 iguanas
  Natasha (twice) (D:3)
  A killer bee zombie (D:8)
  A worker ant zombie (D:9)
  6 adders
  A howler monkey skeleton (D:5)
  A shadow imp (D:6)
  3 adder skeletons
  3 worms
  3 leopard geckos
  16 orcs
  A ball python (D:3)
  7 giant cockroaches
  5 goblins
  7 hobgoblins
  6 quokkas
  2 bats
  8 frilled lizards
  6 kobolds
  2 leopard gecko skeletons (D:8)
  A quokka skeleton (D:6)
  4 rats
131 creatures vanquished.

Vanquished Creatures (collateral kills)
  Erica (D:8)
  A two-headed ogre (D:9)
  A cyclops (D:9)
  A hippogriff (D:9)
  A hungry ghost (D:6)
  A vampire mosquito (D:8)
  An orc warrior (D:9)
  3 ice beasts
  2 sky beasts
  A necrophage (D:5)
  2 ogres (D:9)
  3 phantoms
  A big kobold (D:9)
  A bullfrog (D:10)
  A scorpion (D:5)
  6 killer bees (D:9)
  8 wights
  2 jellies
  3 hounds
  2 orc priests
  4 orc wizards
  Natasha (D:3)
  3 worker ants
  7 adders
  2 worms
  A dart slug (D:3)
  4 leopard geckos
  22 orcs
  4 bats
  3 goblins
  3 hobgoblins
  6 kobolds (D:9)
  A quokka (D:3)
  A frilled lizard (D:1)
  3 giant cockroaches
  A rat (D:2)
108 creatures vanquished.

Grand Total: 239 creatures vanquished

Notes
Turn   | Place    | Note
-------+----------+-------------------------------------------
     0 | D:1      | CanOfBees the Tengu Summoner began the quest for the Orb.
     0 | D:1      | Reached XP level 1. HP: 10/10 MP: 4/4
   836 | D:1      | Reached XP level 2. HP: 9/16 MP: 6/6
  1225 | D:1      | Reached skill level 5 in Summonings
  1753 | D:1      | Learned a level 2 spell: Call Imp
  1981 | D:2      | Reached skill level 1 in Fighting
  1981 | D:2      | Reached XP level 3. HP: 7/20 MP: 2/7
  2725 | D:2      | Reached skill level 1 in Polearms
  3233 | D:3      | Learned a level 3 spell: Call Canine Familiar
  3239 | D:3      | Noticed Natasha
  3255 | D:3      | Killed Natasha
  3255 | D:3      | Reached XP level 4. HP: 17/25 MP: 3/8
  3509 | D:3      | Noticed Natasha
  3519 | D:3      | Killed Natasha
  3742 | D:3      | Reached skill level 1 in Armour
  3751 | D:3      | Noticed Natasha
  3762 | D:3      | Killed Natasha
  3762 | D:3      | Gained mutation: You can fly continuously. [Tengu growth]
  3762 | D:3      | Reached XP level 5. HP: 12/30 MP: 2/10
  5060 | D:3      | Found a radiant altar of Vehumet.
  5060 | D:3      | Found a shattered altar of Ashenzari.
  5127 | D:4      | Noticed a phantom
  5188 | D:4      | Killed a phantom
  5188 | D:4      | Reached XP level 6. HP: 27/36 MP: 6/11
  5410 | D:4      | Reached skill level 6 in Summonings
  6184 | D:4      | Learned a level 3 spell: Call Canine Familiar
  6189 | D:4      | Learned a level 4 spell: Summon Lightning Spire
  6213 | D:5      | Entered Level 5 of the Dungeon
  6214 | D:5      | Noticed a necrophage
  6260 | D:5      | Killed a necrophage
  6422 | D:5      | Noticed a sky beast
  6435 | D:5      | Killed a sky beast
  6435 | D:5      | Reached skill level 1 in Air Magic
  6435 | D:5      | Reached XP level 7. HP: 41/41 MP: 6/13
  7524 | D:5      | Reached skill level 7 in Summonings
  7764 | D:5      | Learned a level 4 spell: Summon Ice Beast
  7813 | D:6      | Noticed Blork the orc
  7830 | D:6      | HP: 2/42 [Blork the orc/+2 war axe of chopping (4)]
  7832 | D:6      | Killed Blork the orc
  7832 | D:6      | Reached XP level 8. HP: 3/48 MP: 9/15
  8129 | D:6      | Found an ancient bone altar of Kikubaaqudgha.
  8683 | D:6      | Reached skill level 1 in Ice Magic
  8691 | D:6      | Found a staircase to the Ecumenical Temple.
  8696 | Temple   | Entered the Ecumenical Temple
  8759 | Temple   | Became a worshipper of Warmaster Okawaru
  9122 | D:6      | Found a glowing golden altar of the Shining One.
  9950 | D:6      | Reached skill level 1 in Invocations
  9967 | D:6      | Reached skill level 1 in Shields
 10180 | D:6      | Reached * piety under Okawaru
 10574 | D:6      | Reached XP level 9. HP: 29/53 MP: 17/17
 10827 | D:6      | Found a deep blue altar of Sif Muna.
 10907 | D:6      | Reached skill level 5 in Spellcasting
 10993 | D:7      | Reached skill level 5 in Fighting
 10994 | D:7      | Gained mutation: You are dopey. (Int -2) [potion of
                  | mutation]
 10994 | D:7      | Gained mutation: You are partially covered in thin metallic
                  | scales. (AC +2) [potion of mutation]
 10994 | D:7      | Gained mutation: You evolve. [potion of mutation]
 11262 | D:7      | Found a blossoming altar of Fedhas.
 11311 | D:7      | Reached ** piety under Okawaru
 11316 | D:7      | Found a transporter.
 11326 | D:7      | Found a transporter.
 11327 | D:7      | Noticed zbzbzb's ghost (novice OpCj)
 11348 | D:7      | Reached skill level 8 in Summonings
 11513 | D:7      | Found a hazy altar of Hepliaklqana.
 12656 | D:8      | Noticed Erica
 12757 | D:8      | Killed Erica
 13071 | D:8      | Reached XP level 10. HP: 60/60 MP: 18/18
 13357 | D:9      | Reached *** piety under Okawaru
 13368 | D:9      | Found a glowing silver altar of Zin.
 13429 | D:9      | Found a white marble altar of Elyvilon.
 14167 | D:9      | Noticed a cyclops
 14423 | D:9      | Killed a cyclops
 14890 | D:9      | Identified Fuceur's Catalogue of Glacial Transformation
 14893 | D:9      | Got a warped morningstar
 14996 | D:9      | Identified the +1 morningstar "Tengu's Curse" {crush, rC++}
                  | (You found it on level 9 of the Dungeon)
 15054 | D:9      | Noticed a two-headed ogre
 15089 | D:9      | Killed a two-headed ogre
 15089 | D:9      | Reached **** piety under Okawaru
 15089 | D:9      | Reached skill level 5 in Polearms
 16031 | D:10     | Entered Level 10 of the Dungeon
 16309 | D:10     | Found a staircase to the Lair.
 16337 | D:10     | Reached skill level 5 in Invocations
 16505 | D:9      | Lost mutation: You are dopey. (Int -2) [evolution]
 16953 | D:10     | Blown up by an orc wizard

Levels and vault maps discovered:
D:1:      psy_arrival_radial02, layout_loops_cross
D:2:      layout_rooms
D:3:      layout_loops_ring, gammafunk_temple_overflow_statue, uniq_natasha
D:4:      layout_loops_cross, first_ration
D:5:      layout_cave_pools
D:6:      layout_loops_ring, tso_metal_star, kiku_gazebo_garden_becter,
          temple_doors_e, lemuel_tele_altar, uniq_blork_the_orc
D:7:      layout_cave_pools, lemuel_coloured_pillars_altar, basic_altar,
          gammafunk_ghost_mausoleum
D:8:      layout_basic, blue_anna_alchemist [blue_anna_fruit_fields,
          blue_anna_fruit_fields], uniq_erica
D:9:      layout_loops_ring, grunt_temple_overflow_open, corexii_checkpoint_a,
          minmay_diamond_spiral
D:10:     layout_small_grid, erik_lair_orcish_takeover, erik_orc_3,
          serial_co_window_serial, co_window_paths_b, co_window_paths_b,
          co_window_of_opportunity_a, co_window_paths_b, co_window_paths_b,
          co_window_cross_3, co_window_broadway_c, co_window_of_opportunity_b,
          co_window_corner_b, co_window_broadway_a,
          chequers_serial_rivers_small_a, nicolae_ru_the_path_less_chosen
Temple:   eino_wide_crystal_templ

Skill      XL: |  1  2  3  4  5  6  7  8  9 10 |
---------------+-------------------------------+-----
Summonings     | 5 6 7 8 |  8.0
Fighting       | 1 2 3 4 6 7 |  7.1
Polearms       | 1 2 4 5 |  5.7
Dodging        | 3 4 |  4.0
Armour         | 1 2 3 |  3.0
Spellcasting   | 3 4 5 6 |  6.1
Air Magic      | 1 3 |  3.0
Ice Magic      | 2 3 |  3.0
Invocations    | 1 3 5 |  5.1
Shields        | 1 4 |  4.5
Stealth        | |  2.0

Action                   |  1- 3 |  4- 6 |  7- 9 | 10-12 || total
-------------------------+-------+-------+-------+-------++-------
Melee: Spear             |    86 |    36 |    57 |   206 ||   385
       Unarmed           |     4 |       |       |       ||     4
       Dagger            |     3 |       |       |       ||     3
       Peck              |     6 |    21 |    28 |    27 ||    82
       Kick              |     6 |    27 |    45 |    49 ||   127
       Trident           |       |    84 |    54 |       ||   138
       Hand axe          |       |       |    46 |       ||    46
       Scimitar          |       |       |    84 |       ||    84
Throw: Dart              |    13 |    12 |    48 |    14 ||    87
 Cast: Summon Small Mamm |    15 |       |       |       ||    15
       Call Imp          |    17 |    36 |    34 |    23 ||   110
       Call Canine Famil |     1 |     8 |    23 |    12 ||    44
       Summon Lightning  |       |       |     5 |    16 ||    21
       Summon Ice Beast  |       |       |     2 |       ||     2
Invok: Heroism           |       |       |     1 |     4 ||     5
 Abil: Fly               |       |     1 |       |       ||     1
  Use: Scroll            |       |     5 |     4 |     6 ||    15
       Potion            |       |       |     4 |       ||     4
 Stab: Sleeping          |     3 |     4 |     5 |     2 ||    14
       Distracted        |       |     1 |     4 |     2 ||     7
  Eat: Chunk             |     8 |    13 |    14 |    10 ||    45
       Ration            |       |       |     3 |     2 ||     5
Armor: Leather armour    |    21 |    15 |    29 |    18 ||    83
       Robe              |     1 |       |       |       ||     1
Dodge: Dodged            |    51 |    71 |   159 |   100 ||   381
Block: Buckler           |       |       |    22 |    33 ||    55
       Rpst.: Scimitar   |       |       |    26 |       ||    26

Table legend:
 A = Non-vault XP
 B = Vault XP
 C = Vault XP percentage of total XP
 D = Non-vault monster count
 E = Vault monster count
 F = Vault count percentage of total count
                 A         B        C        D         E       F
            +---------+---------+-------+---------+---------+-------
      Total |    5694 |    2230 |  28.1 |     222 |      17 |   7.1
            +---------+---------+-------+---------+---------+-------
        D:1 |      27 |       0 |   0.0 |      18 |       0 |   0.0
        D:2 |      53 |       0 |   0.0 |      19 |       0 |   0.0
        D:3 |     141 |      20 |  12.4 |      36 |       1 |   2.7
        D:4 |     167 |       0 |   0.0 |      16 |       0 |   0.0
        D:5 |     814 |       0 |   0.0 |      28 |       0 |   0.0
        D:6 |    1260 |      82 |   6.1 |      37 |       1 |   2.6
        D:7 |     559 |       0 |   0.0 |      10 |       0 |   0.0
        D:8 |     657 |     868 |  56.9 |      17 |       2 |  10.5
        D:9 |    1694 |     870 |  33.9 |      35 |       7 |  16.7
       D:10 |     322 |     390 |  54.8 |       6 |       6 |  50.0
            +---------+---------+-------+---------+---------+-------
